 Dungeon Crawl Stone Soup version 0.27.1-33-g824d729ab1 (webtiles) character file.

Game seed: 32104719391262491

73 Gabide the Skirmisher (level 4, 0/35 (37) HPs)
             Began as a Human Monk on Dec 11, 2021.
             Slain by Crazy Yiuf (12 damage)
             ... on level 2 of the Dungeon.
             The game lasted 00:02:12 (3335 turns).

Gabide the Skirmisher (Human Monk)                  Turns: 3335, Time: 00:02:13

HP:   0/35 (37)     AC:  5    Str: 12    XL:     4   Next: 51%
MP:   13/13         EV: 11    Int: 10    God:
Gold: 118           SH:  0    Dex: 16    Spells: 3/3 levels left

rFire    . . .     SeeInvis .   a - +0 mace
rCold    . . .     Faith    .   (no shield)
rNeg     . . .     Spirit   .   e - +0 ring mail
rPois    .         Reflect  .   (no helmet)
rElec    .         Harm     .   (no cloak)
rCorr    .         Rampage  .   (no gloves)
Will     .....                  (no boots)
Stlth    ++........             (no amulet)
HPRegen  0.11/turn              i - ring of magical power
MPRegen  0.13/turn              (no ring)

@: drained
A: no striking features
a: no special abilities


You were on level 2 of the Dungeon.
You visited 1 branch of the dungeon, and saw 2 of its levels.

You collected 118 gold pieces.

Inventory:

Hand Weapons
 a - a +0 mace (weapon)
Armour
 b - a +0 robe
 e - a +0 ring mail (worn)
Jewellery
 i - a ring of magical power (left hand)
Potions
 c - a potion of degeneration {unknown}
 f - a potion of curing


   Skills:
 + Level 3.6 Fighting
 + Level 3.5 Maces & Flails
 + Level 1.2 Armour
 + Level 3.3 Dodging
 + Level 2.4 Stealth


You had 3 spell levels left.
You didn't know any spells.
Your spell library contained the following spells:

 Spells                   Type           Power      Damage    Failure   Level
 Animate Skeleton         Necr           0%         N/A       65%         1
 Apportation              Tloc           0%         N/A       65%         1
 Corona                   Hex            0%         N/A       65%         1
 Summon Small Mammal      Summ           0%         N/A       65%         1


Dungeon Overview and Level Annotations

Branches:
Dungeon (2/15)

Altars:

Annotations:
D:2 Crazy Yiuf


Message History

You completely miss the rat. The rat bites you but does no damage.
You hit the rat.
You kill the rat!
No target in view!
No target in view!
No target in view!
No target in view!
You see here 10 sling bullets.
Found a stone staircase leading down.
Could not explore, unopened runed door.
Could not explore, unopened runed door.
Press: ? - help, v - describe, . - travel
Here: Crazy Yiuf, wielding a +3 quarterstaff of chaos and wearing a +0 cloak (fire blocked by a runed translucent door)
The floor.
Unknown command.
Okay, then.
You aren't carrying any scrolls.
Could not explore, unopened runed door.
Could not explore, unopened runed door.
You open the door.
Crazy Yiuf says, "Crazy?
Crazy!?
PORCUPINE!"
You barely miss Crazy Yiuf.
Crazy Yiuf grits, "Mountain!"
Crazy Yiuf barely misses you.
You hit Crazy Yiuf.
Crazy Yiuf is moderately wounded.
Crazy Yiuf hits you with a +3 quarterstaff of chaos!
You feel drained.
You hit Crazy Yiuf.
Crazy Yiuf is moderately wounded.
Crazy Yiuf hits you with a +3 quarterstaff of chaos!
* * * LOW HITPOINT WARNING * * *
You are lethally poisoned!
Crazy Yiuf glowers.
Crazy Yiuf closely misses you.
* * * LOW HITPOINT WARNING * * *
You feel very sick.
You feel better.
Crazy Yiuf hits you with a +3 quarterstaff of chaos!
You die...

#...#
#........#
##..##
#........#
#....#
#........#
♣....♣
#........#
♣...♣♣
##.########
♣♣.♣♣ #..#
♣.♣♣ ####
###### ♣♣.♣
####.....
♣@♣♣
###..).†..#
♣♣g♣
#...##.##.#
#'#
##..##.##.#
...
#.....##.#
#...#
##..#####.#
#..)#
#...#####.#
#####
###.......#
#########


You could see Crazy Yiuf.

Vanquished Creatures
  3 adders
  A worm (D:2)
  A dart slug (D:1)
  4 endoplasms
  2 giant cockroaches
  6 goblins
  A hobgoblin (D:2)
  3 jackals
  A quokka (D:1)
  4 ball pythons
  6 bats
  3 frilled lizards (D:1)
  3 kobolds
  3 rats
41 creatures vanquished.

Notes
Turn   | Place    | Note
-------+----------+-------------------------------------------
     0 | D:1      | Gabide the Human Monk began the quest for the Orb.
     0 | D:1      | Reached XP level 1. HP: 18/18 MP: 1/1
   255 | D:1      | Reached XP level 2. HP: 19/24 MP: 2/2
   911 | D:1      | Found a faded altar of an unknown god.
  1222 | D:2      | Reached XP level 3. HP: 20/29 MP: 3/3
  1664 | D:2      | Found a runed translucent door.
  1665 | D:2      | Noticed Crazy Yiuf
  2452 | D:2      | Reached XP level 4. HP: 23/35 MP: 4/4
  2696 | D:2      | Reached skill level 1 in Armour
  3335 | D:2      | Slain by Crazy Yiuf

Illustrated notes

Levels and vault maps discovered:
D:1:      dpeg_arrival_ternary, layout_loops_corners,
          shapermc_ecumenical_altar_petra
D:2:      layout_loops_cross, minmay_tetromino_o2, uniq_crazy_yiuf_cottage

Skill      XL: |  1  2  3  4 |
---------------+-------------+-----
Armour         | 1 |  1.2
Fighting       | |  3.6
Maces & Flails | |  3.5
Dodging        | |  3.3
Stealth        | |  2.4

Action                   |  1- 3 |  4- 6 || total
-------------------------+-------+-------++-------
Melee: Mace              |    91 |    41 ||   132
  Use: Scroll            |     4 |       ||     4
       Potion            |       |     1 ||     1
 Stab: Sleeping          |     6 |       ||     6
Armor: Robe              |     6 |       ||     6
       Ring mail         |    47 |    26 ||    73
Dodge: Dodged            |    79 |    31 ||   110
